 Dungeon Crawl Stone Soup version 0.31-a0-1603-gbec6b6ccbf (webtiles) character file.

Game seed: 8692436331175030530

751 bobo the Trooper (level 7, 0/63 HPs)
             Began as a Red Draconian Hunter on Jan 8, 2024.
             Was a Follower of Okawaru.
             Slain by a troll (5 damage)
             ... on level 5 of the Dungeon.
             The game lasted 00:08:03 (3394 turns).

bobo the Trooper (Red Draconian Hunter)             Turns: 3394, Time: 00:08:05

Health: 0/63       AC:  8    Str: 14    XL:     7   Next: 49%
Magic:  9/9        EV: 12    Int:  9    God:    Okawaru [*.....]
Gold:   180        SH:  0    Dex: 16    Spells: 6/6 levels left

rFire   + . .        a - +0 shortbow (drain)
rCold   . . .        (shield currently unavailable)
rNeg    . . .        (body armour unavailable)
rPois   .            (helmet restricted)
rElec   .            (no cloak)
rCorr   .            i - +1 pair of gloves
SInv    .            (no boots)
Will    .....        h - amulet of regeneration
Stlth   ++           (no ring)
HPRegen 1.10/turn    (no ring)
MPRegen 0.11/turn

%: no passive effects
@: short of breath, weak-willed
A: breathe fire, AC +6, unfitting armour, fire resistance 1, cold-blooded
a: Breathe Fire, Renounce Religion, Heroism


You were on level 5 of the Dungeon.
You worshipped Okawaru.
Okawaru was aware of your devotion.
You visited 1 branch of the dungeon, and saw 5 of its levels.

You collected 180 gold pieces.

Inventory:

Hand Weapons
 a - a +0 shortbow of draining (weapon)
 d - a +0 short sword of electrocution
Armour
 i - a +1 pair of gloves (worn)
Jewellery
 f - a ring of fire
 h - an amulet of regeneration (around neck)
 k - an amulet of the acrobat
Wands
 u - a wand of digging (5)
Scrolls
 b - a scroll of butterflies
Potions
 c - 2 potions of might {unknown}
 e - a potion of curing {unknown}
 g - a potion of resistance {unknown}
 j - 2 potions of enlightenment
 m - a potion of attraction {unknown}
 p - a potion of brilliance {unknown}
 q - a potion of cancellation {unknown}
 r - a potion of lignification {unknown}


   Skills:
 + Level 6.1 Fighting
 - Level 1.2 Short Blades
 + Level 6.0 Ranged Weapons
 - Level 1.7 Dodging
 - Level 0.8 Stealth
 + Level 3.5 Invocations


You had 6 spell levels left.
You didn't know any spells.
Your spell library contained the following spells:

 Spells                   Type           Power      Damage    Failure   Level
 Freeze                   Ice            0%         1d3       38%         1
 Sting                    Conj/Alch      0%         1d3       38%         1
 Mercury Vapours          Alch/Air       0%         N/A       52%         2
 Frozen Ramparts          Ice            0%         1d1       77%         3
 Hailstorm                Conj/Ice       0%         3d5       77%         3
 Olgreb's Toxic Radiance  Alch           0%         N/A       99%         4
 Chain Lightning          Conj/Air       0%         N/A       100%        9
 Fire Storm               Conj/Fire      0%         5d1       100%        9
 Shatter                  Erth           0%         3d5*      100%        9


Dungeon Overview and Level Annotations

Branches:
Dungeon (5/15)             Temple (0/1) D:4

Altars:
Elyvilon
Okawaru
Vehumet

Shops:
D:2 (


Innate Abilities, Weirdness & Mutations

You can breathe blasts of fire.
Your fiery red scales are hard. (AC +6)
You cannot fit into any form of body armour.
Your flesh is heat resistant. (rF+)
You are cold-blooded and may be slowed by cold attacks.


Message History

The troll barely misses you. The troll misses you.
As you read the scroll labelled DUGASH TUMNOSH, it crumbles to dust.
It is a scroll of enchant armour.
Your +0 pair of gloves glows green for a moment.
The troll bites you! The troll barely misses you. The troll closely misses you.
As you read the scroll labelled IQUAHYO UWKA, it crumbles to dust.
You assume a fearsome visage.
The troll looks frightened!
It was a scroll of fear.
Aiming: Breathe Fire (5% risk of failure)
Press: ? - help, Shift-Dir - straight line, f - troll
Aim: a troll (fleeing, weak-willed, 68% to hit)
You breathe a blast of fire.
The fiery breath hits the troll!
The troll is moderately wounded.
Your attack snaps the troll out of its fear.
Unknown command.
You shoot an arrow. The arrow hits the troll.
The troll is moderately wounded.
The troll closely misses you. The troll claws you but does no damage.
The troll misses you.
You shoot an arrow. The arrow closely misses the troll.
The troll bites you! The troll claws you but does no damage.
The troll claws you.
You shoot an arrow. The arrow hits the troll.
The troll is heavily wounded.
The troll bites you!
* * * LOW HITPOINT WARNING * * *
The troll barely misses you. The troll claws you but does no damage.
You shoot an arrow. The arrow hits the troll!
You drain the troll.
The troll is severely wounded.
The troll bites you.
* * * LOW HITPOINT WARNING * * *
The troll claws you.
* * * LOW HITPOINT WARNING * * *
The troll claws you but does no damage.
You shoot an arrow. The arrow hits the adder!
You kill the adder!
Okawaru accepts your kill. The troll misses you. The troll claws you.
* * * LOW HITPOINT WARNING * * *
The troll claws you.
You die...

*,,,,,,* *.####.#########
*.####.##############
*.#....######.......#
****.#.#########.......#****
*,,,.#.................+,,,,
*,**.#..###...#........#**,,
*,,,.#.$#.....#.##...###**,*
*,,,....#.#@..#.........,,,*
**,,......T...#....#....,,,*
*,,..#.......##...#,...,,,*
*,,.....#...###...#,,..,,**
*,,.##...<[.......#,,,.,.##
*,,..°............#,#+###..
***#.####......#..#,......#
*,..#.......###..###..#,**
*,***,*.#....##..#....#,,*


You could see a troll (weak-willed, drained).

Vanquished Creatures
  An ice beast (D:5)
  2 black bears
  2 ogres
  2 hounds (D:4)
  A jelly (D:2)
  Jessica (D:3)
  Terence (D:3)
  An orc wizard (D:3)
  An iguana (D:3)
  3 adders (D:5)
  6 dart slugs
  A ribbon worm (D:3)
  5 orcs
  5 bats
  11 endoplasms
  2 giant cockroaches
  3 goblins (D:1)
  7 hobgoblins
  4 jackals (D:1)
  8 kobolds
  4 quokkas
  9 ball pythons
  5 frilled lizards
  4 rats
89 creatures vanquished.

Notes
Turn   | Place    | Note
-------+----------+-------------------------------------------
     0 | D:1      | bobo the Draconian Hunter began the quest for the Orb.
     0 | D:1      | Reached XP level 1. HP: 17/17 MP: 1/1
   126 | D:1      | Reached XP level 2. HP: 25/25 MP: 2/2
   266 | D:1      | Reached XP level 3. HP: 31/31 MP: 3/3
   598 | D:2      | Found Lostroigo's Weapon Emporium.
   603 | D:2      | Reached XP level 4. HP: 40/40 MP: 4/4
   708 | D:2      | Identified the +5 short sword of Ru's Wrath {flame, Str+3
                  | Int+2}
   760 | D:2      | Found a radiant altar of Vehumet.
  1275 | D:3      | Noticed Jessica
  1280 | D:3      | Killed Jessica
  1281 | D:3      | Reached XP level 5. HP: 47/47 MP: 5/5
  1440 | D:3      | Reached skill level 5 in Ranged Weapons
  1492 | D:3      | Found an iron altar of Okawaru.
  1519 | D:3      | Became a worshipper of Warmaster Okawaru
  1649 | D:3      | Noticed Terence
  1664 | D:3      | Killed Terence
  1679 | D:3      | Noticed a black bear
  1686 | D:3      | Killed a black bear
  1687 | D:3      | Reached skill level 5 in Fighting
  1687 | D:3      | Reached skill level 1 in Invocations
  1687 | D:3      | Reached XP level 6. HP: 35/56 MP: 5/7
  1952 | D:4      | Found a white marble altar of Elyvilon.
  2169 | D:4      | Found a staircase to the Ecumenical Temple.
  2286 | D:4      | Reached skill level 1 in Short Blades
  2894 | D:5      | Entered Level 5 of the Dungeon
  2963 | D:5      | Your scales start taking on a fiery red colour.
  2963 | D:5      | Reached XP level 7. HP: 62/62 MP: 7/9
  2963 | D:5      | Gained mutation: Your flesh is heat resistant. (rF+) [Red
                  | Draconian growth]
  3343 | D:5      | Reached * piety under Okawaru
  3379 | D:5      | Noticed a troll
  3394 | D:5      | Slain by a troll

Illustrated notes

Levels and vault maps discovered:
D:1:      scummos_arrival_simple_crosswalls, layout_rooms
D:2:      layout_basic, serial_shops, shop, basic_altar, st_stairs_9, uniq_robin
D:3:      layout_basic, mainiacjoe_overflow_tiny_flanked, minmay_distorted,
          uniq_terence, uniq_jessica
D:4:      layout_basic, elyvilon_altar_4, minmay_temple_entry_hall
D:5:      nicolae_cairo_tiling_very_big, layout_basic,
          nicolae_overflow_hidden_temple, lemuel_coloured_pillars_altar

Skill      XL: |  1  2  3  4  5  6  7 |
---------------+----------------------+-----
Ranged Weapons | 4 5 6 |  6.0
Fighting       | 3 4 5 6 |  6.1
Invocations    | 1 2 3 |  3.5
Short Blades   | 1 |  1.2
Dodging        | |  1.7
Stealth        | |  0.8

Action                     |  1- 3 |  4- 6 |  7- 9 || total
---------------------------+-------+-------+-------++-------
  Melee: Short sword       |       |    52 |       ||    52
         Shortbow          |       |     3 |       ||     3
         Tailslap          |       |     7 |       ||     7
         Punch             |       |     2 |       ||     2
   Fire: Shortbow          |   109 |   135 |    26 ||   270
Ability: Breathe Fire      |       |       |     3 ||     3
    Use: Scroll            |       |     3 |     5 ||     8
 Armour: Skin              |    21 |    69 |    27 ||   117
  Dodge: Dodged            |    25 |    59 |    13 ||    97

Table legend: (Time is in decaauts)
 A = Elapsed time spent in this place.
 B = Non-inter-level travel time spent in this place.
 C = Inter-level travel time spent in this place.
 D = Time resting spent in this place.
 E = Time spent auto-exploring this place.
 F = Levels seen in this place.
 G = Mean time per level.
                   A        B        C        D        E       F      G
               +--------+--------+--------+--------+--------+-----+--------+
         Total |   3431 |   3320 |    111 |      7 |   2680 |   5 |  686.2 |
       Dungeon |   3431 |   3320 |    111 |      7 |   2680 |   5 |  686.2 |
               +--------+--------+--------+--------+--------+-----+--------+

Top non-repeatable levels by time:
     D:4: 1007 daAuts
     D:3: 777 daAuts
     D:1: 619 daAuts
     D:2: 523 daAuts
     D:5: 505 daAuts
